 Dungeon Sprint DCSS version 0.31-a0-175-g9f7f995f2b (webtiles) character file.

Game seed: 6820513528220430594

9088 rocky1 the Severer (level 11, 0/110 HPs)
             Began as a Minotaur Gladiator on June 16, 2023.
             Was an Initiate of Gozag.
             Slain by Saint Roka
             ... wielding a +1 bardiche of venom
              (39 damage)
             ... in the Dungeon (Sprint VII: "The Pits").
             The game lasted 00:05:08 (2355 turns).

rocky1 the Severer (Minotaur Gladiator)             Turns: 2355, Time: 00:05:09

Health: 0/110      AC: 17    Str: 22    XL:     11   Next: 18%
Magic:  10/10      EV: 20    Int:  5    God:    Gozag
Gold:   3219       SH:  0    Dex: 13    Spells: 10/10 levels left

rFire   . . .        u - +1 broad axe (heavy)
rCold   . . .        (no shield)
rNeg    . . .        s - +5 ring mail
rPois   .            c - +0 hat
rElec   .            t - +0 cloak
rCorr   .            (no gloves)
SInv    .            (no boots)
Will    .....        (no amulet)
Stlth   ++           b - +3 ring of evasion
HPRegen 0.38/turn    p - +3 ring of protection
MPRegen 0.12/turn

%: no teleportation
@: mighty, gold aura, hasted, invisible, very quick
A: horns 2, retaliatory headbutt
a: Renounce Religion, Potion Petition, Call Merchant, Bribe Branch


You were in the Dungeon.
You worshipped Gozag.
Gozag was most pleased with you.
You visited 1 branch You collected 4428 gold pieces.
You paid 1209 gold pieces to Gozag.

Inventory:

Hand Weapons
 a - a +2 scimitar of flaming
 u - a +1 heavy broad axe (weapon)
Missiles
 d - 3 throwing nets (quivered)
 e - a javelin
Armour
 c - a +0 hat (worn)
 o - a +3 chain mail
 s - a +5 ring mail (worn)
 t - a +0 cloak (worn)
Jewellery
 b - a +3 ring of evasion (left hand)
 p - a +3 ring of protection (right hand)
Scrolls
 k - a scroll of blinking
 m - 5 scrolls of amnesia
 n - a scroll of summoning
Potions
 f - 11 potions of curing
 g - 4 potions of heal wounds
 i - 4 potions of magic
 j - 3 potions of berserk rage
 l - 2 potions of invisibility
 q - a potion of brilliance
 r - 2 potions of mutation
 v - a potion of degeneration {unknown}


   Skills:
 + Level 14.1 Fighting
 + Level 20.3 Axes
 + Level 4.7 Throwing
 + Level 13.5 Armour
 + Level 14.0 Dodging
 + Level 5.4 Stealth


You had 10 spell levels left.
You didn't know any spells.
Your spell library was empty.

Dungeon Overview and Level Annotations

Branches:
Dungeon (1/1)

Altars:
Ashenzari
Cheibriados
Dithmenos
Elyvilon
Fedhas
Gozag
Hepliaklqana
Kikubaaqudgha
Makhleb
Nemelex Xobeh
Okawaru
Qazlal
Ru
Sif Muna
Trog
Uskayaw
Vehumet
Wu Jian
Xom
Yredelemnul
Zin
The Shining One
Jiyva
Lugonu

Annotations:
D Saint Roka


Innate Abilities, Weirdness & Mutations

You have a pair of horns on your head.
You reflexively headbutt those who attack you in melee.


Message History

You headbutt Saint Roka!
Saint Roka is lightly wounded.
The death yak bellows!
You slice Saint Roka!! Your headbutt misses Saint Roka.
Saint Roka is moderately wounded.
The death yak is distracted by your dazzling golden aura.
The orc no longer looks unusually strong.
The orc is no longer distracted by gold.
The orc closely misses you.
You strike the helpless orc from behind!
You slice the orc!!
You kill the orc!
You barely miss Saint Roka.
Saint Roka mumbles some strange prayers to Beogh against you.
Beogh smites you!
The death yak bellows!
You hit Saint Roka but do no damage.
You headbutt Saint Roka, but do no damage.
Saint Roka is moderately wounded.
You slice Saint Roka!! You headbutt Saint Roka.
Saint Roka is moderately wounded.
Saint Roka is distracted by your dazzling golden aura.
Saint Roka shouts!
You hit Saint Roka.
Saint Roka is no longer distracted by gold.
You headbutt Saint Roka.
Saint Roka is moderately wounded.
The death yak is no longer distracted by gold.
Saint Roka hits you but does no damage.
You slash Saint Roka!
Saint Roka is heavily wounded.
You slash the death yak! You barely miss Saint Roka.
Your headbutt misses Saint Roka.
Saint Roka is heavily wounded.
You strike the helpless death yak from behind!
You cut the death yak into ribbons!!! The death yak misses you.
You furiously retaliate!
You headbutt the death yak.
Saint Roka hits you with a +1 bardiche of venom!!!
You die...
Your body crumbles into a pile of gold.

##### ##### ###
....###...## ....
'#.........## #...##
.##.....#...# ##.....##
..##..)###..# ##.......#
...##.##.##.###.........
...#...#.#...#$$........
...+...+.'...$$Y........
...#...#.#...#$o@$......
...##.##.##.###.........
..##...###..# ##.......#
$ .##.....#...#
##.....## $
'#.........## #...##
....###...## ....+$
##### ##### #####


You could see Saint Roka (unable to see you) and a death yak (unable to see
you).

Vanquished Creatures
  A boulder beetle (D)
  Urug (D)
  A flayed ghost (D)
  A swamp dragon (D)
  A bog body (D)
  A deep elf pyromancer (D)
  A wolf spider (D)
  A manticore (D)
  Joseph (D)
  A cane toad (D)
  A kobold demonologist (D)
  A red devil (D)
  An ice devil (D)
  A polar bear (D)
  2 hellwings (D)
  A spriggan (D)
  A jumping spider (D)
  A wyvern (D)
  A ynoxinul (D)
  A redback (D)
  3 wargs (D)
  3 floating eyes (D)
  2 orc warriors (D)
  A sky beast (D)
  A black bear (D)
  An ogre (D)
  13 wolves (D)
  2 centaurs (D)
  A scorpion (D)
  A crimson imp (D)
  2 quasits (D)
  A hound (D)
  An iron imp (D)
  An iguana (D)
  A hell rat (D)
  2 mummies (D)
  A gnoll (D)
  7 orcs (D)
  A bat (D)
  An endoplasm (D)
  A giant cockroach (D)
  A goblin (D)
  A hobgoblin (D)
  5 jackals (D)
  2 quokkas (D)
  2 frilled lizards (D)
  A quokka simulacrum (D)
80 creatures vanquished.

Notes
Turn   | Place    | Note
-------+----------+-------------------------------------------
     0 | D        | rocky1 the Minotaur Gladiator began the quest for the Orb.
     0 | D        | Reached XP level 1. HP: 18/18 MP: 0/0
    12 | D        | Reached skill level 4 in Axes
    39 | D        | Found a bloodstained altar of Trog.
    39 | D        | Found a shimmering blue altar of Sif Muna.
    39 | D        | Found a viscous altar of Jiyva.
    39 | D        | Found a hazy altar of Hepliaklqana.
    39 | D        | Found an opulent altar of Gozag.
    40 | D        | Found a glowing golden altar of the Shining One.
    40 | D        | Found a glowing silver altar of Zin.
    40 | D        | Found a basalt altar of Yredelemnul.
    40 | D        | Found a shimmering altar of Xom.
    40 | D        | Found an ornate altar of the Wu Jian Council.
    40 | D        | Found a sacrificial altar of Ru.
    40 | D        | Found a stormy altar of Qazlal.
    40 | D        | Found an iron altar of Okawaru.
    40 | D        | Found a sparkling altar of Nemelex Xobeh.
    40 | D        | Found a burning altar of Makhleb.
    40 | D        | Found a blossoming altar of Fedhas.
    40 | D        | Found a white marble altar of Elyvilon.
    40 | D        | Found a shadowy altar of Dithmenos.
    40 | D        | Found a snail-covered altar of Cheibriados.
    43 | D        | Found a corrupted altar of Lugonu.
    43 | D        | Found a radiant altar of Vehumet.
    44 | D        | Found an ancient bone altar of Kikubaaqudgha.
    44 | D        | Found a hide-covered altar of Uskayaw.
    44 | D        | Found a broken altar of Ashenzari.
    47 | D        | Became a worshipper of Gozag Ym Sagoz the Greedy
    57 | D        | Noticed a floating eye
    59 | D        | Killed a floating eye
    60 | D        | Reached skill level 7 in Axes
    60 | D        | Reached XP level 2. HP: 27/27 MP: 1/1
    60 | D        | Reached XP level 3. HP: 33/33 MP: 2/2
    60 | D        | Reached XP level 4. HP: 40/40 MP: 3/3
   102 | D        | Noticed a floating eye
   102 | D        | Noticed a scorpion
   105 | D        | Paralysed by a floating eye for 4 turns
   109 | D        | Killed a scorpion
   110 | D        | Reached skill level 8 in Axes
   110 | D        | Reached skill level 1 in Armour
   110 | D        | Reached XP level 5. HP: 47/47 MP: 4/4
   111 | D        | Killed a floating eye
   112 | D        | Reached skill level 5 in Fighting
   112 | D        | Reached skill level 10 in Axes
   112 | D        | Reached XP level 6. HP: 56/56 MP: 5/5
   235 | D        | Noticed a floating eye
   243 | D        | Paralysed by a floating eye for 3 turns
   248 | D        | Reached skill level 11 in Axes
   248 | D        | Reached skill level 10 in Dodging
   251 | D        | Killed a floating eye
   252 | D        | Reached XP level 7. HP: 29/64 MP: 6/6
   256 | D        | Reached skill level 12 in Axes
   591 | D        | Reached skill level 5 in Armour
  1010 | D        | Reached skill level 13 in Axes
  1239 | D        | Noticed a wyvern
  1250 | D        | Killed a wyvern
  1251 | D        | Reached XP level 8. HP: 22/74 MP: 7/7
  1737 | D        | Noticed Joseph
  1737 | D        | Noticed a hellwing
  1746 | D        | Killed a hellwing
  1747 | D        | Reached skill level 14 in Axes
  1749 | D        | Killed Joseph
  1750 | D        | Reached skill level 1 in Stealth
  2057 | D        | Noticed a deep elf pyromancer
  2057 | D        | Noticed a polar bear
  2066 | D        | Reached skill level 15 in Axes
  2070 | D        | Killed a deep elf pyromancer
  2071 | D        | Reached skill level 10 in Armour
  2071 | D        | Reached XP level 9. HP: 82/85 MP: 8/8
  2078 | D        | Killed a polar bear
  2079 | D        | Reached skill level 10 in Fighting
  2079 | D        | Reached skill level 16 in Axes
  2101 | D        | Noticed a swamp dragon
  2102 | D        | Noticed a red devil
  2103 | D        | Noticed a kobold demonologist
  2104 | D        | Killed a swamp dragon
  2105 | D        | Killed a red devil
  2106 | D        | Killed a kobold demonologist
  2107 | D        | Reached skill level 17 in Axes
  2113 | D        | Noticed a manticore
  2124 | D        | Killed a manticore
  2125 | D        | Reached XP level 10. HP: 90/96 MP: 9/9
  2136 | D        | Noticed a boulder beetle
  2153 | D        | Killed a boulder beetle
  2154 | D        | Reached skill level 18 in Axes
  2161 | D        | Noticed a bog body
  2163 | D        | Noticed a flayed ghost
  2163 | D        | Noticed a wolf spider
  2171 | D        | Killed a wolf spider
  2173 | D        | Killed a bog body
  2178 | D        | Killed a flayed ghost
  2179 | D        | Reached skill level 19 in Axes
  2310 | D        | Noticed Urug
  2310 | D        | Noticed a cane toad
  2318 | D        | Killed a cane toad
  2320 | D        | Reached skill level 5 in Stealth
  2324 | D        | Reached XP level 11. HP: 56/107 MP: 10/10
  2324 | D        | Noticed Saint Roka
  2326 | D        | Noticed a death yak
  2329 | D        | Killed Urug
  2330 | D        | Reached skill level 20 in Axes
  2355 | D        | Slain by Saint Roka

Illustrated notes

Levels and vault maps discovered:
D:        pitsprint [storerooms_1, entrance_room_1, metal_vault_3, armoury_1,
          mini_pit_1, grid_room_1, main_hall_1, silver_pit, the_coven_3,
          the_vestibule_1, steel_vault_2, golden_pit, hallway_of_sentries,
          crystal_vault_4, iron_vault_1, final_vault]

Skill      XL: |  1  2  3  4  5  6  7  8  9 10 11 |
---------------+----------------------------------+-----
Axes           | 7 8 10 11 13 15 17 19 20 | 20.3
Fighting       | 4 5 6 7 9 11 13 14 | 14.1
Throwing       | 3 4 |  4.7
Dodging        | 6 8 9 10 11 12 13 14 | 14.0
Armour         | 1 2 4 7 10 12 13 | 13.5
Stealth        | 1 3 5 |  5.4

Action                     |  1- 3 |  4- 6 |  7- 9 | 10-12 || total
---------------------------+-------+-------+-------+-------++-------
  Melee: War axe           |     1 |    24 |    50 |       ||    75
         Headbutt          |     1 |     1 |    18 |    14 ||    34
         Punch             |       |       |     1 |     1 ||     2
         Broad axe         |       |       |    45 |    77 ||   122
 Invoke: Potion Petition   |       |       |     1 |     2 ||     3
    Use: Potion            |       |     2 |       |     4 ||     6
   Stab: Distracted        |       |       |     2 |     1 ||     3
         Sleeping          |       |       |       |     1 ||     1
         Invisible         |       |       |       |     2 ||     2
 Armour: Chain mail        |       |     8 |    18 |       ||    26
         Ring mail         |       |       |    29 |    26 ||    55
  Dodge: Dodged            |     1 |    32 |    80 |    67 ||   180

Table legend: (Time is in decaauts)
 A = Elapsed time spent in this place.
 B = Non-inter-level travel time spent in this place.
 C = Inter-level travel time spent in this place.
 D = Time resting spent in this place.
 E = Time spent auto-exploring this place.
 F = Levels seen in this place.
 G = Mean time per level.
                   A        B        C        D        E       F      G
               +--------+--------+--------+--------+--------+-----+--------+
         Total |   2371 |   2215 |    156 |   1527 |      0 |   1 | 2371.0 |
       Dungeon |   2371 |   2215 |    156 |   1527 |      0 |   1 | 2371.0 |
               +--------+--------+--------+--------+--------+-----+--------+

Top non-repeatable levels by time:
       D: 2371 daAuts
